 Dungeon Crawl Stone Soup version 0.29.1-15-g9cfb28693d (webtiles) character file.

Game seed: 7606760156689624805

728 Descartes the Nimble (level 7, -4/31 HPs)
             Began as a Felid Monk on Mar 31, 2023.
             Slain by Prince Ribbit (18 damage)
             ... on level 6 of the Dungeon.
             The game lasted 00:06:15 (7260 turns).

Descartes the Nimble (Felid Monk)                   Turns: 7260, Time: 00:06:16

Health: -4/31      AC:  2    Str:  9    XL:     7   Next: 44%
Magic:  8/8        EV: 24    Int: 11    God:
Gold:   389        SH:  0    Dex: 19    Spells: 6/6 levels left
                                        Lives:  0   Deaths: 2

rFire   . . .      SeeInvis +     - Unarmed
rCold   . . .      Faith    .   (shield unavailable)
rNeg    . . .      Spirit   .   (body armour unavailable)
rPois   .          Reflect  .   (helmet unavailable)
rElec   .          Harm     .   (cloak unavailable)
rCorr   .          Rampage  .   (gloves unavailable)
Will    +....                   (boots unavailable)
Stlth   ++........              (no amulet)
HPRegen 0.10/turn               (no ring)
MPRegen 0.11/turn               (no ring)

@: quick
A: very small, claws 1, fangs 3, see invisible, speed 1, shaggy fur 2, stealthy
paws, no weapons or thrown items, no armour, multi-lived
a: no special abilities


You were on level 6 of the Dungeon.
You visited 2 branches of the dungeon, and saw 7 of its levels.

You collected 389 gold pieces.

Inventory:

Jewellery
 g - an amulet of guardian spirit
Wands
 a - a wand of iceblast (12)
Scrolls
 c - 3 scrolls of fog {unknown}
 e - 4 scrolls of teleportation {unknown}
 f - a scroll of amnesia {unknown}
 h - a scroll of enchant armour {unknown}
 i - 4 scrolls of brand weapon {unknown}
 j - 3 scrolls of immolation {unknown}
 k - 9 scrolls of identify {unknown}
 l - 3 scrolls of magic mapping {unknown}
 n - 2 scrolls of blinking {unknown}
 q - 2 scrolls of enchant weapon {unknown}
 r - 2 scrolls of fear {unknown}
Potions
 b - a potion of degeneration {unknown}
 d - 2 potions of heal wounds {unknown}
 m - 2 potions of magic
 o - a potion of haste {unknown}
 p - a potion of invisibility {unknown}
 s - a potion of mutation {unknown}
 t - a potion of resistance
 u - a potion of brilliance


   Skills:
 - Level 3.0 Fighting
 + Level 9.8 Dodging
 - Level 2.6 Stealth
 + Level 7.4 Unarmed Combat


You had 6 spell levels left.
You didn't know any spells.
Your spell library contained the following spells:

 Spells                   Type           Power      Damage    Failure   Level
 Summon Small Mammal      Summ           0%         N/A       34%         1
 Ensorcelled Hibernation  Hex/Ice        0%         N/A       47%         2
 Call Canine Familiar     Summ           0%         N/A       71%         3
 Spider Form              Tmut/Pois      0%         N/A       71%         3
 Summon Guardian Golem    Hex/Summ       0%         N/A       71%         3
 Anguish                  Hex/Necr       0%         N/A       98%         4
 Leda's Liquefaction      Hex/Erth       0%         N/A       98%         4
 Iskenderun's Battlesphe  Conj           0%         2d6       100%        5
 Lee's Rapid Deconstruct  Erth           0%         3d5*      100%        5
 Iron Shot                Conj/Erth      0%         9d1       100%        6
 Statue Form              Tmut/Erth      0%         N/A       100%        6
 Spellforged Servitor     Conj/Summ      0%         N/A       100%        7


Dungeon Overview and Level Annotations

Branches:
Dungeon (6/15)             Temple (1/1) D:4

Altars:
Cheibriados
Dithmenos
Elyvilon
Gozag
Kikubaaqudgha
Makhleb
Nemelex Xobeh
Okawaru
Qazlal
Ru
Sif Muna
Xom
Yredelemnul
Zin
Lugonu

Shops:
D:3 (   D:4 ?

Annotations:
D:6 1 runed translucent door, Crazy Yiuf, Prince Ribbit


Innate Abilities, Weirdness & Mutations

You have sharp claws.
You have razor-sharp teeth.
You have supernaturally acute eyesight. (SInv)
You cover ground quickly. (Speed+)
You are covered in thick fur. (AC +2)
Your paws help you pounce on unaware monsters.
You are incapable of wielding weapons or throwing items.
You cannot wear armour.
You gain extra lives every three experience levels.


Message History

Prince Ribbit hits you!
You scratch Prince Ribbit.
Prince Ribbit is moderately wounded.
Prince Ribbit hits you!
You are too injured to fight recklessly!
You are too injured to fight recklessly!
You are too injured to fight recklessly!
You are too injured to fight recklessly!
You are too injured to fight recklessly!
You are too injured to fight recklessly!
You are too injured to fight recklessly!
You are too injured to fight recklessly!
You are too injured to fight recklessly!
You are too injured to fight recklessly!
You are too injured to fight recklessly!
You are too injured to fight recklessly!
You are too injured to fight recklessly!
You are too injured to fight recklessly!
You are too injured to fight recklessly!
You are too injured to fight recklessly!
You scratch Prince Ribbit.
Prince Ribbit is moderately wounded.
Prince Ribbit misses you. Prince Ribbit closely misses you.
Unknown command.
You barely miss Prince Ribbit.
Prince Ribbit is moderately wounded.
Prince Ribbit completely misses you.
You barely miss Prince Ribbit.
Prince Ribbit is moderately wounded.
Prince Ribbit closely misses you.
You scratch Prince Ribbit but do no damage.
Your claw misses Prince Ribbit. You bite Prince Ribbit.
Prince Ribbit is moderately wounded.
Prince Ribbit misses you.
Unknown command.
You claw Prince Ribbit!
Prince Ribbit is severely wounded.
Prince Ribbit hits you!!
Ouch! That really hurt!
You die...

#....>......#
##.#
##..........#
#.##
####'#######
#..## #.....#
##...#
#.....####
#....#
#####....#
#....#
######'##....#
#....#
#.......# ##..
#...##
#....@..#
##.##
#....F..# #.##
#.......# ##.#
#.......# #.##
#......$+ ##.#
#.......# #+#
######### ...
#...# #..)#


You could see Prince Ribbit.

Vanquished Creatures
  A water moccasin (D:6)
  2 black bears (D:6)
  A centaur (D:6)
  3 phantoms
  3 necrophages
  A jelly (D:5)
  A hound (D:5)
  3 iguanas
  Ijyb (D:4)
  4 gnolls
  6 adders
  2 white imps (D:6)
  2 worms
  3 dart slugs
  6 orcs
  8 ball pythons
  7 endoplasms
  4 giant cockroaches
  14 goblins
  9 hobgoblins
  4 jackals (D:1)
  5 quokkas
  8 bats
  4 frilled lizards
  7 kobolds
  3 rats
112 creatures vanquished.

Vanquished Creatures (others)
  14 plants
14 creatures vanquished.

Grand Total: 126 creatures vanquished

Notes
Turn   | Place    | Note
-------+----------+-------------------------------------------
     0 | D:1      | Descartes the Felid Monk began the quest for the Orb.
     0 | D:1      | Reached XP level 1. HP: 10/10 MP: 2/2
   176 | D:1      | Reached XP level 2. HP: 14/14 MP: 3/3
   288 | D:1      | Found a faded altar of an unknown god.
  1023 | D:2      | Reached XP level 3. HP: 17/17 MP: 4/4
  1301 | D:2      | Reached skill level 5 in Dodging
  1411 | D:2      | Found a shadowy altar of Dithmenos.
  2067 | D:3      | Reached XP level 4. HP: 21/21 MP: 5/5
  2173 | D:3      | Noticed a phantom
  2187 | D:3      | Killed a phantom
  2188 | D:3      | Reached skill level 6 in Dodging
  2188 | D:3      | Reached XP level 5. HP: 9/24 MP: 6/6
  2651 | D:3      | Found a white marble altar of Elyvilon.
  2732 | D:3      | Found an iron altar of Okawaru.
  2741 | D:3      | Found a shimmering blue altar of Sif Muna.
  2901 | D:3      | Slain by a gnoll
  2902 | D:3      | Reached XP level 4. HP: -2/21 MP: 5/5
  3300 | D:3      | Found Vaubloga's Antique Weapon Emporium.
  3330 | D:3      | Reached skill level 5 in Unarmed Combat
  3608 | D:4      | Noticed a phantom
  3628 | D:4      | Killed a phantom
  3629 | D:4      | Reached skill level 7 in Dodging
  3629 | D:4      | Reached XP level 5. HP: 19/24 MP: 6/6
  3721 | D:4      | Found a staircase to the Ecumenical Temple.
  3820 | Temple   | Entered the Ecumenical Temple
  3897 | D:4      | Found Nueb's Magic Scroll Shoppe.
  4627 | D:4      | Gained mutation: You are covered in thick fur. (AC +2)
                  | [Felid growth]
  4627 | D:4      | Reached XP level 6. HP: 19/28 MP: 7/7
  4806 | D:4      | Found a sacrificial altar of Ru.
  5157 | D:5      | Entered Level 5 of the Dungeon
  5157 | D:5      | Noticed Ijyb
  5191 | D:4      | Killed Ijyb
  5295 | D:5      | Found an opulent altar of Gozag.
  5315 | D:5      | Reached skill level 8 in Dodging
  5811 | D:5      | Reached XP level 7. HP: 31/31 MP: 8/8
  6012 | D:5      | Found a shadowy altar of Dithmenos.
  6523 | D:6      | Shot with an arrow by a centaur
  6524 | D:6      | Reached XP level 6. HP: -6/28 MP: 7/7
  6551 | D:6      | Reached skill level 9 in Dodging
  6880 | D:6      | Reached XP level 7. HP: 24/31 MP: 8/8
  7201 | D:6      | Found a runed translucent door.
  7202 | D:6      | Noticed Crazy Yiuf
  7250 | D:6      | Noticed Prince Ribbit
  7260 | D:6      | Slain by Prince Ribbit

Illustrated notes

Levels and vault maps discovered:
D:1:      zaba_arrival_water, layout_loops_corners,
          shapermc_ecumenical_altar_mp_urbaneastern
D:2:      layout_loops_corners, basic_altar, serial_forest,
          infiniplex_forest_straight_4, infiniplex_forest_lined_corner,
          infiniplex_forest_lined_3_way, infiniplex_forest_clump_cross,
          infiniplex_forest_lined_2, infiniplex_forest_join,
          hangedman_abyss_or_decor_stabs, palyth_stone_intersect
D:3:      layout_loops_ring, mainiacjoe_overflow_swirl, elyvilon_altar_1,
          serial_shops, nicolae_shop_behind_doors, serial_bayou_ford_a,
          minmay_pentangle
D:4:      layout_basic, kennysheep_mini, temple_statues, serial_shops, shop
D:5:      layout_gridville, old_standard_altar, nicolae_dithmenos_the_darkroom,
          portal_sewer_entry_e, uniq_ijyb
D:6:      layout_basic, worldfamousw_hep_ancestral_shrine, uniq_prince_ribbit1,
          uniq_crazy_yiuf_cottage, uniq_pikel
Temple:   corrupted_temple

Skill      XL: |  1  2  3  4  5  6 |
---------------+-------------------+-----
Dodging        | 5 7 9 |  9.8
Unarmed Combat | 4 5 7 |  7.4
Fighting       | |  3.0
Stealth        | |  2.6

Action                   |  1- 3 |  4- 6 |  7- 9 || total
-------------------------+-------+-------+-------++-------
Melee: Unarmed           |    90 |   255 |    43 ||   388
       Bite              |     9 |    22 |     9 ||    40
       Punch             |     4 |     9 |     4 ||    17
  Use: Potion            |       |     4 |       ||     4
 Stab: Sleeping          |    12 |     6 |     1 ||    19
       Distracted        |       |     1 |       ||     1
Armor: Skin              |     1 |    10 |     2 ||    13
Dodge: Dodged            |    61 |   218 |    44 ||   323
